 Dungeon Crawl Stone Soup version 0.28-a0-687-gb91baff9cc (webtiles) character file.

Game seed: 14302919662409031595

277 omnomnOMINOUS the Stinger (level 6, -3/63 HPs)
             Began as an Octopode Wanderer on Oct 19, 2021.
             Was a Follower of Trog.
             Killed by nerve-wracking pain
             ... invoked by Grinder
              (12 damage)
             ... while paralysed by Grinder
             ... on level 5 of the Dungeon.
             The game lasted 00:06:31 (3081 turns).

omnomnOMINOUS the Stinger (Octopode Wanderer)       Turns: 3081, Time: 00:06:32

Health: -3/63      AC:  1    Str: 12    XL:     6   Next: 25%
Magic:  9/9        EV:  2    Int: 14    God:    Trog [*.....]
Gold:   0          SH:  0    Dex: 13    Spells: 6/10 levels left

rFire   . . .      SeeInvis .   a - +1 dagger (speed)
rCold   . . .      Faith    .   (no shield)
rNeg    . . .      Spirit   .   (helmet restricted)
rPois   .          Reflect  .   l - amulet of regeneration
rElec   .          Harm     .   (no ring)
rCorr   .          Rampage  .   (no ring)
Will    .....                   (no ring)
Stlth   ..........              (no ring)
HPRegen 1.20/turn               (no ring)
MPRegen 0.11/turn               (no ring)
                                (no ring)
                                (no ring)

@: paralysed, berserking
A: almost no armour, amphibious, 8 rings, camouflage 1, gelatinous body 1,
(nimble swimmer 1), tentacles
a: Renounce Religion, Berserk


You were on level 5 of the Dungeon.
You worshipped Trog.
Trog was aware of your devotion.
You visited 1 branch of the dungeon, and saw 5 of its levels.

You collected 132 gold pieces.
You spent 132 gold pieces at shops.

Inventory:

Hand Weapons
 a - a +1 dagger of speed (weapon)
 c - a +2 dagger
 e - a +0 whip
 j - a +0 spear
Missiles
 f - a throwing net (quivered)
 g - 2 curare-tipped darts
 h - 62 poisoned darts
 r - 3 atropa-tipped darts
Jewellery
 l - an amulet of regeneration (around mantle)
 v - an amulet of magic regeneration
Wands
 b - a wand of flame (18)
Scrolls
 i - 2 scrolls of blinking {unknown}
 k - 2 scrolls of identify {unknown}
 m - 2 scrolls of teleportation {unknown}
 o - 2 scrolls of fog {unknown}
 p - a scroll of vulnerability {unknown}
 s - 2 scrolls of enchant armour {unknown}
 t - a scroll of silence {unknown}
 u - 2 scrolls of amnesia {unknown}
 w - 3 scrolls of enchant weapon {unknown}
 y - 3 scrolls of immolation {unknown}
Potions
 d - a potion of ambrosia {unknown}
 n - a potion of brilliance {unknown}
 q - a potion of magic {unknown}
 x - 2 potions of curing {unknown}
 z - a potion of mutation {unknown}


   Skills:
 + Level 3.0 Fighting
 - Level 1.0 Throwing
 + Level 3.5 Dodging
 + Level 3.0 Shields
 - Level 2.5 Spellcasting
 - Level 3.6 Poison Magic
 + Level 2.3 Evocations


You had 6 spell levels left.
You knew the following spells:

 Your Spells              Type           Power      Damage    Failure   Level
a - Sting                 Tmut/Pois      24%        1d4       11%         1
b - Mephitic Cloud        Conj/Pois/Air  5%         N/A       38%         3

Your spell library contained the following spells:

 Spells                   Type           Power      Damage    Failure   Level


Dungeon Overview and Level Annotations

Branches:
Dungeon (5/15)
 Temple: D:4-7

Altars:
Cheibriados
Elyvilon
Fedhas
Trog
Zin

Shops:
D:4 *

Annotations:
D:5 Grinder


Innate Abilities, Weirdness & Mutations

You cannot wear most types of armour.
You are amphibious.
You can wear up to eight rings at the same time.
Your skin changes colour to match your surroundings (Stealth+).
Your rubbery body absorbs attacks. (AC +1, EV +1)
((You are camouflaged near water. (Stealth+)))
You have tentacles for arms and can constrict up to eight enemies at once.


Message History

There is a stone staircase leading up here.
There is a broken door here.
Grinder hits you!
You writhe in agony.
You hit Grinder. You grab Grinder.
Grinder is lightly wounded.
You constrict Grinder. Grinder says, "Are you a fish?" Grinder hits you!
You writhe in agony.
You hit Grinder but do no damage.
Grinder is lightly wounded.
You constrict Grinder. You hit Grinder but do no damage.
You squeeze Grinder, but do no damage.
Grinder is lightly wounded.
You constrict Grinder, but do no damage.
Grinder hits you.
You writhe in agony.
You hit Grinder.
Grinder is lightly wounded.
You constrict Grinder, but do no damage.
Grinder gestures at you. Pain shoots through your body!
* * * LOW HITPOINT WARNING * * *
Unknown command.
Okay, then.
Unknown command.
Unknown command.
A red film seems to cover your vision as you go berserk!
You feel yourself moving faster!
You feel mighty!
You constrict Grinder.
Grinder says, "Wait up."
Grinder gestures at you.
You suddenly lose the ability to move!
You lose your grip on Grinder.
Grinder hits you!
* * * LOW HITPOINT WARNING * * *
You writhe in agony.
* * * LOW HITPOINT WARNING * * *
Grinder says, "My boss said I was rubbish.
His entrails said otherwise."
Grinder gestures at you. You resist with significant effort.
Grinder gestures at you. Pain shoots through your body!
You die...

#.........#...##
#.........#....# .
+.........#....#
..
.........######...
..####............
.. #............
+............
#....5.......
#...@........
###'#.....##+
#..<#.....+
#...#.....#
#...+.....#
#####....(# .....#
.....+


You could see Grinder.

Vanquished Creatures
  A centaur (D:4)
  A scorpion (D:4)
  A hound (D:4)
  An adder (D:2)
  A worm (D:2)
  6 dart slugs
  3 orcs
  5 ball pythons
  2 bats (D:1)
  3 endoplasms
  7 giant cockroaches
  8 goblins
  11 hobgoblins
  7 jackals (D:3)
  5 kobolds
  3 quokkas
  3 frilled lizards
  2 rats
70 creatures vanquished.

Notes
Turn   | Place    | Note
-------+----------+-------------------------------------------
     0 | D:1      | omnomnOMINOUS the Octopode Wanderer began the quest for the
                  | Orb.
     0 | D:1      | omnomnOMINOUS set off with the following items: a +2
                  | dagger, 2 curare-tipped darts; and the following spells
                  | available to memorise: Sting, Mephitic Cloud
     0 | D:1      | Reached XP level 1. HP: 13/13 MP: 3/3
     2 | D:1      | Learned a level 1 spell: Sting
    85 | D:1      | Reached XP level 2. HP: 7/18 MP: 5/5
   743 | D:1      | Reached XP level 3. HP: 23/23 MP: 6/6
   921 | D:1      | Learned a level 3 spell: Mephitic Cloud
  1417 | D:2      | Found a blossoming altar of Fedhas.
  1476 | D:2      | Reached XP level 4. HP: 29/29 MP: 7/7
  1595 | D:2      | Found a faded altar of an unknown god.
  1646 | D:2      | Prayed at the altar of an unknown god.
  1646 | D:2      | Became a worshipper of Trog the Wrathful
  1646 | D:2      | Reached * piety under Trog
  1971 | D:3      | Found a glowing silver altar of Zin.
  1971 | D:3      | Noticed an angel
  2527 | D:4      | Reached skill level 1 in Evocations
  2549 | D:4      | Noticed a centaur
  2555 | D:4      | HP: 1/43 [centaur/arrow (6)]
  2560 | D:4      | Killed a centaur
  2561 | D:4      | Reached XP level 5. HP: 2/35 MP: 8/8
  2653 | D:4      | Found Beth's Assorted Antiques.
  2665 | D:4      | Bought a fuming green potion for 20 gold pieces
  2665 | D:4      | Bought 3 scrolls labelled LAOTUT RYNAJ for 69 gold pieces
  2665 | D:4      | Bought a white potion for 20 gold pieces
  2704 | D:4      | Bought a scroll labelled EWITOY OTUIW for 23 gold pieces
  2763 | D:4      | Reached XP level 6. HP: 41/41 MP: 9/9
  2845 | D:4      | Found a white marble altar of Elyvilon.
  2920 | D:5      | Entered Level 5 of the Dungeon
  2921 | D:5      | Found a snail-covered altar of Cheibriados.
  2948 | D:5      | Noticed Grinder
  2951 | D:5      | Paralysed by Grinder for 2 turns
  3078 | D:5      | Paralysed by Grinder for 6 turns
  3081 | D:5      | Killed from afar by Grinder

Illustrated notes

Levels and vault maps discovered:
D:1:      dpeg_arrival_signposts, layout_loops_cross, st_stairs_3,
          minmay_heptomino_h4
D:2:      layout_loops_ring, shapermc_ecumenical_altar_venn, basic_altar
D:3:      layout_basic, zin_angel, kennysheep_minor_cross,
          hangedman_decor_growths
D:4:      layout_basic, elyvilon_altar_1, grunt_ministairs_3,
          nicolae_inconvenience_store
D:5:      layout_gridville, cheibriados_altar_1, uniq_grinder, uniq_edmund,
          uniq_blork_the_orc, uniq_crazy_yiuf_cottage

Skill      XL: |  1  2  3  4  5  6 |
---------------+-------------------+-----
Shields        | 2 3 |  3.0
Fighting       | 2 3 |  3.0
Evocations     | 1 2 |  2.3
Dodging        | 3 |  3.5
Throwing       | |  1.0
Spellcasting   | |  2.5
Poison Magic   | |  3.6

Action                   |  1- 3 |  4- 6 || total
-------------------------+-------+-------++-------
Melee: Dagger            |    85 |    82 ||   167
       Constrict         |    25 |    26 ||    51
       Tentacles         |    15 |    23 ||    38
Invok: Berserk           |       |     2 ||     2
 Stab: Sleeping          |     9 |     6 ||    15
Armor: Skin              |     6 |     7 ||    13
Dodge: Dodged            |    33 |    38 ||    71

Table legend: (Time is in decaauts)
 A = Elapsed time spent in this place.
 B = Non-inter-level travel time spent in this place.
 C = Inter-level travel time spent in this place.
 D = Time resting spent in this place.
 E = Time spent auto-exploring this place.
 F = Levels seen in this place.
 G = Mean time per level.
                   A        B        C        D        E       F      G
               +--------+--------+--------+--------+--------+-----+--------+
         Total |   3045 |   2955 |     90 |    471 |   1904 |   5 |  609.0 |
       Dungeon |   3045 |   2955 |     90 |    471 |   1904 |   5 |  609.0 |
               +--------+--------+--------+--------+--------+-----+--------+

Top non-repeatable levels by time:
     D:1: 1165 daAuts
     D:3: 652 daAuts
     D:2: 600 daAuts
     D:4: 574 daAuts
     D:5: 53 daAuts
